 Dungeon Crawl Stone Soup version 0.29.1-1-gd02db6906a (webtiles) character file.

Game seed: 10412111300257713756

430 Linkola the Covered (level 6, 0/53 HPs)
             Began as a Minotaur Fighter on Oct 9, 2022.
             Slain by Blork the orc
             ... wielding a +0 halberd
              (2 damage)
             ... on level 4 of the Dungeon.
             The game lasted 00:08:21 (3324 turns).

Linkola the Covered (Minotaur Fighter)              Turns: 3324, Time: 00:08:23

Health: 0/53       AC: 12    Str: 23    XL:     6   Next: 66%
Magic:  5/5        EV:  8    Int:  5    God:
Gold:   260        SH:  4    Dex:  9    Spells: 5/5 levels left

rFire   . . .      SeeInvis .   a - +0 trident
rCold   . . .      Faith    .   c - +0 buckler
rNeg    . . .      Spirit   .   s - +0 chain mail
rPois   .          Reflect  .   (helmet unavailable)
rElec   .          Harm     .   i - +0 cloak
rCorr   .          Rampage  .   k - +0 pair of gloves
Will    .....                   (no boots)
Stlth   ..........              r - amulet of regeneration
HPRegen 0.97/turn               (no ring)
MPRegen 0.09/turn               (no ring)

@: brilliant, lethally poisoned (0 -> -2)
A: horns 3, retaliatory headbutt
a: no special abilities


You were on level 4 of the Dungeon.
You visited 1 branch of the dungeon, and saw 4 of its levels.

You collected 260 gold pieces.

Inventory:

Hand Weapons
 a - a +0 trident (weapon)
Missiles
 g - 5 javelins
 h - 2 poisoned darts (quivered)
 l - a stone
Armour
 c - a +0 buckler (worn)
 i - a +0 cloak (worn)
 k - a +0 pair of gloves (worn)
 s - a +0 chain mail (worn)
Magical Staves
 n - a staff of cold
Jewellery
 r - an amulet of regeneration (around neck)
Scrolls
 b - a scroll of summoning {unknown}
Potions
 d - a potion of might
 e - a potion of haste
 f - 2 potions of mutation
 q - a potion of curing {unknown}


   Skills:
 + Level 4.7 Fighting
 + Level 5.2 Polearms
 * Level 2.6 Throwing
 + Level 5.5 Armour
 + Level 0.9 Dodging
 + Level 4.3 Shields


You had 5 spell levels left.
You didn't know any spells.
Your spell library contained the following spells:

 Spells                   Type           Power      Damage    Failure   Level
 Summon Forest            Summ/Tloc      0%         N/A       100%        5
 Eringya's Noxious Bog    Tmut/Pois      0%         N/A       100%        6
 Summon Hydra             Summ           0%         N/A       100%        7


Dungeon Overview and Level Annotations

Branches:
Dungeon (4/15)
 Temple: D:4-7

Altars:
Hepliaklqana
Kikubaaqudgha

Annotations:
D:4 Blork the orc


Innate Abilities, Weirdness & Mutations

You have a pair of large horns on your head.
You reflexively headbutt those who attack you in melee.


Message History

You furiously retaliate!
You headbutt the endoplasm!
You kill the endoplasm!
The black bear bites you but does no damage.
The black bear claws you but does no damage. x2
You feel very mighty all of a sudden. Blork the orc casts a spell at you.
The magic dart hits you.
* * * LOW HITPOINT WARNING * * *
The scorpion stings you.
* * * LOW HITPOINT WARNING * * *
You are poisoned.
The scorpion poisons you! The black bear barely misses you.
You block the black bear's attack. The black bear barely misses you.
Blork the orc closely misses you.
It was a potion of cancellation.
Your magical effects are unravelling.
You feel magically purged.
You feel a little less mighty now.
You feel very sick.
Blork the orc gestures at you while chanting.
The puff of frost misses you. The scorpion barely misses you.
You furiously retaliate!
You headbutt the scorpion. You block the black bear's attack.
The black bear claws you but does no damage. x2
It was a potion of magic.
Magic courses through your body.
You feel sick. You block Blork the orc's attack.
The scorpion stings you but does no damage.
The black bear bites you.
* * * LOW HITPOINT WARNING * * *
The black bear barely misses you. The black bear claws you.
* * * LOW HITPOINT WARNING * * *
You block Blork the orc's attack.
The scorpion stings you but does no damage.
It was a potion of brilliance.
You feel clever all of a sudden.
* * * LOW HITPOINT WARNING * * *
You feel sick.
Blork the orc screams, "I'll cover the dungeon with your blood!"
Blork the orc hits you from afar with a +0 halberd.
You die...

##### ######... #
...######....[...
##.###.#......#####..
... #.......)###### .
...........>..........
......######..........
...... #.........#
......# ####..........
......##s@..........#
#.....h##o.........
#.#...###.........#
#.>..h..###..#..
#.....#S#...#..#..
.....(..##..........
.(....... ##.J. . ..
.(....... ..s...
.........# ##..


You could see Blork the orc (fast), a black bear and a scorpion.

Vanquished Creatures
  A black bear (D:4)
  A scorpion (D:4)
  A jelly (D:4)
  A hound (D:4)
  2 iguanas (D:4)
  7 adders
  2 worms (D:2)
  3 dart slugs (D:2)
  4 orcs
  8 ball pythons
  3 bats
  12 endoplasms
  3 giant cockroaches
  7 goblins
  9 hobgoblins
  8 quokkas
  6 frilled lizards
  4 kobolds
  7 rats
89 creatures vanquished.

Notes
Turn   | Place    | Note
-------+----------+-------------------------------------------
     0 | D:1      | Linkola the Minotaur Fighter began the quest for the Orb.
     0 | D:1      | Reached XP level 1. HP: 19/19 MP: 0/0
   128 | D:1      | Reached XP level 2. HP: 27/27 MP: 1/1
   360 | D:1      | Reached skill level 1 in Throwing
   811 | D:2      | Reached XP level 3. HP: 33/33 MP: 2/2
   876 | D:2      | Gained mutation: You have a pair of large horns on your
                  | head. [potion of mutation]
  1194 | D:2      | Reached XP level 4. HP: 35/40 MP: 3/3
  1513 | D:2      | Found a faded altar of an unknown god.
  2550 | D:3      | Found a hazy altar of Hepliaklqana.
  2618 | D:3      | Found an ancient bone altar of Kikubaaqudgha.
  3022 | D:4      | Noticed a black bear
  3027 | D:4      | Reached XP level 5. HP: 47/47 MP: 4/4
  3282 | D:4      | Noticed a black bear
  3290 | D:4      | Killed a black bear
  3291 | D:4      | Reached skill level 5 in Armour
  3291 | D:4      | Reached XP level 6. HP: 45/53 MP: 5/5
  3299 | D:4      | Reached skill level 5 in Polearms
  3306 | D:4      | Noticed Blork the orc
  3323 | D:4      | HP: 2/53 [black bear (3)]
  3324 | D:4      | Slain by Blork the orc

Illustrated notes

Levels and vault maps discovered:
D:1:      dpeg_arrival_windows_large_door, layout_loops_ring
D:2:      minmay_door_path, layout_basic, ebering_ecumenical_altar_abandoned,
          grunt_decor_arrowhead, minmay_close_crescents
D:3:      layout_basic, mainiacjoe_overflow_surrounded_room,
          mainiacjoe_overflow_alcove_4
D:4:      layout_rooms, minmay_fractal_squares_gapless_5, uniq_blork_the_orc,
          uniq_crazy_yiuf_cottage

Skill      XL: |  1  2  3  4  5  6 |
---------------+-------------------+-----
Throwing       | 1 2 |  2.6
Shields        | 4 |  4.3
Fighting       | 4 |  4.7
Polearms       | 3 4 5 |  5.2
Armour         | 4 5 |  5.5
Dodging        | |  0.9

Action                   |  1- 3 |  4- 6 || total
-------------------------+-------+-------++-------
Melee: Trident           |    89 |   118 ||   207
       Headbutt          |     8 |    15 ||    23
Throw: Stone             |     9 |       ||     9
       Dart              |       |    11 ||    11
  Use: Scroll            |     5 |     2 ||     7
       Potion            |     2 |     4 ||     6
Armor: Scale mail        |    44 |    30 ||    74
       Chain mail        |       |    28 ||    28
Dodge: Dodged            |    38 |    53 ||    91
Block: Buckler           |    25 |    21 ||    46
